[Event "*** Titled Tuesday Blitz"]
[Site "Chess.com"]
[Date "2020.05.26"]
[Round "3"]
[White "MariaFominykh"]
[Black "Chessialist"]
[Result "0-1"]
[WhiteElo "2343"]
[BlackElo "2547"]
[TimeControl "180+1"]
[EndTime "10:28:58 PDT"]
[Termination "Chessialist won on time"]

1. d4 Nf6 2. c4 e6 3. Nf3 d5 4. Nc3 Be7 5. Bg5 O-O 6. e3 h6 7. Bh4 Ne4 8. Bxe7 Qxe7 9. cxd5 Nxc3 10. bxc3 exd5 11. Bd3 c5 12. h3 Nc6 13. O-O Be6 14.
Rb1 b6 15. Re1 Rac8 16. Bc2 Rfd8 17. Qd3 g6 18. Qa6 Qf6 19. Qa3 cxd4 20. Nxd4 Nxd4 21. exd4 Rc7 22. Re3 Rdc8 23. Rbe1 Kg7 24. Bd1 Qe7 25. Qb2 Qd6 26. Bf3 Bf5 27. Qb3 Rc4 28. Be2 R4c7 29. Bf3 Be6 30. Qb2 Qf4 31. Qb3 h5 32. Bxd5 Bxd5 33.
Qxd5 Rxc3 34. Rf3 Rxf3 35. gxf3 Qf6 36. Qe5 Rd8 37. Re4 Rd6 38. Kg2 Re6 39. Qxf6+ Kxf6 40. d5 Rd6 41. Ra4 a5 42. Rd4 Ke5 43. Re4+ Kxd5 44.
Re7 f5 45. Rb7 f4 46. h4 Ke5 47. Re7+ Re6 48. Rb7 Rf6 49. Kh3 Kd4 50. Rc7 a4 51. Kg2 b5 52. Rb7 Kc4 53. Rc7+ Kb4 54. Rc1 Ka3 55. Rc2 b4 56. Re2 b3 57. axb3 axb3 58.
Re8 b2 59. Ra8+ Kb3 60. Rb8+ Kc2 61. Rc8+ Kb1 62. Rb8 Ra6 0-1

[Event "*** Titled Tuesday Blitz"]
[Site "Chess.com"]
[Date "2020.05.26"]
[Round "3"]
[White "Vaathi_Coming"]
[Black "TudorAnton"]
[Result "1-0"]
[WhiteElo "2854"]
[BlackElo "2454"]
[TimeControl "180+1"]
[EndTime "10:29:01 PDT"]
[Termination "Vaathi_Coming won by checkmate"]

1. c4 c5 2. Nf3 Nc6 3. d4 cxd4 4. Nxd4 e5 5. Nb5 a6 6. Nd6+ Bxd6 7. Qxd6 Qf6 8. Qd2 Nge7 9. Nc3 Qg6 10. g3 O-O 11. Bg2 b5 12. c5 b4 13. Ne4 a5 14.
O-O Ba6 15. Nd6 Rab8 16. Rd1 Nd4 17. e3 Ne2+ 18. Kh1 f5 19. Re1 Qh5 20. f3 e4 21.
Rxe2 exf3 22. Rf2 fxg2+ 23. Kxg2 f4 24. exf4 Qxc5 25. b3 Nf5 26. Nxf5 Bb7+ 27. Kf1 Qxf5 28. Bb2 Qb5+ 29. Qe2 Qc6 30. Qc4+ Qxc4+ 31. bxc4 Ba6 32. Rc1 d5 33. Ke1 dxc4 34. Be5 Rbd8 35. a3 Rfe8 36.
axb4 axb4 37. Ra2 Re6 38. Ra4 Rb6 39. Bc7 Re8+ 40. Kf2 Rc6 41. Be5 Rb6 42. Bd4 Rd6 43.
Be5 Rd2+ 44. Ke3 Rd3+ 45. Kf2 Bb5 46. Rxb4 Rb3 47. Rb1 Rxb1 48. Rxb1 Bd7 49. Rb7 Re7 50. Rc7 Kf7 51. Bd6 Re6 52. Rxd7+ Kg6 53. g4 Kh6 54. f5 Kg5 55. Kf3 Re8 56. Bf4+ Kh4 57. Bg3+ Kh3 58. Rxg7 Rh8 59. Rg5 h5 60. Rxh5+ Rxh5 61. gxh5 c3 62. Bf4 c2 63. h6 c1=Q 64. Bxc1 Kh4 65. h7 Kh5 66. h8=Q# 1-0

[Event "*** Titled Tuesday Blitz"]
[Site "Chess.com"]
[Date "2020.05.26"]
[Round "3"]
[White "DaggiGretarsson"]
[Black "elisak43"]
[Result "1-0"]
[WhiteElo "2617"]
[BlackElo "2405"]
[TimeControl "180+1"]
[EndTime "10:29:01 PDT"]
[Termination "DaggiGretarsson won on time"]

1. d4 Nf6 2. c4 e6 3. Nf3 Bb4+ 4. Bd2 Be7 5. Nc3 O-O 6. e4 d6 7. Bd3 e5 8. h3 Nc6 9. d5 Nb4 10. Bb1 a5 11. a3 Na6 12. Bc2 g6 13. Bh6 Re8 14.
g4 Bf8 15. Be3 Nd7 16. b3 Ndc5 17. Qe2 Bg7 18. Nd2 Kh8 19. O-O-O Bd7 20. h4 Nb4 21. axb4 axb4 22. Ncb1 Ra1 23. Bxc5 dxc5 24. Nf1 Qa8 25. Ne3 b5 26. g5 bxc4 27. Nxc4 Bb5 28. h5 Qa2 29.
Qd3 Kg8 30. Kd2 Ra8 31. Ke3 Qa7 32. Kf3 Ra2 33. Kg2 c6 34. d6 Qd7 35. Kg3 Qe6 36.
d7 Rd8 37. Rd2 Ra7 38. Rhd1 gxh5 39. f3 h4+ 40. Kh2 h6 41. Qd6 hxg5 42. Qxe6 fxe6 43.
Rd6 Bxc4 44. bxc4 Bf8 45. Rxe6 Raxd7 46. Rg6+ Kf7 47. Rxd7+ Rxd7 48. Rxg5 Rd4 49. Rh5 Kg6 50. Rf5 Bd6 51. Kh3 Rxc4 52. Ba4 Rc1 53. Nd2 Rh1+ 54.
Kg4 Rg1+ 55. Kh3 Be7 56. Rxe5 Rg3+ 57. Kh2 Kf6 58. Rf5+ Ke6 59. Bb3+ Kd7 60. Nc4 Rg6 61. Ne5+ Kc7 62. Nxg6 1-0

[Event "*** Titled Tuesday Blitz"]
[Site "Chess.com"]
[Date "2020.05.26"]
[Round "3"]
[White "Vitor-Moraes"]
[Black "mattcolins2025"]
[Result "0-1"]
[WhiteElo "1987"]
[BlackElo "2282"]
[TimeControl "180+1"]
[EndTime "10:29:01 PDT"]
[Termination "mattcolins2025 won by resignation"]

1. e4 c5 2. Nc3 Nc6 3. Bb5 e6 4.
Bxc6 dxc6 5. Nf3 g6 6. d3 Bg7 7. O-O Ne7 8. Be3 b6 9. Qd2 O-O 10. Bh6 c4 11. Bxg7 Kxg7 12. d4 c5 13. dxc5 bxc5 14.
Qg5 Bb7 15. Qxc5 Rc8 16. Qxa7 Qc7 17. a4 Nc6 18. Qc5 Na5 19. Qe5+ Qxe5 20. Nxe5 f6 21. Nf3 Rfd8 22. Rfd1 e5 23. Nd5 Rd6 24. Nc3 Rcd8 25. Rxd6 Rxd6 26. Ne1 Rd2 27. f3 f5 28. exf5 gxf5 29. Rd1 Rxd1 30. Nxd1 Kf6 31. Ne3 e4 32. fxe4 Bxe4 33. Nf3 f4 34. Ng4+ Kf5 35. Nh6+ Kg6 36.
Ng4 Bxc2 37. Nge5+ Kf5 38. Nd7 Bxa4 39. Nb6 Bb5 40. Nd2 Ke5 41. Kf2 Kd4 42. Ke1 Kd3 43. Kd1 Nc6 44. Nd5 Nd4 45. Nxf4+ Ke3 46. Nd5+ Kf2 47. Nf4 Nf5 48. Nd5 Bc6 49. Nf4 Ne3+ 50. Kc1 Bxg2 51. Nxg2 Kxg2 52. Nxc4 Nxc4 53. h4 Kg3 54. b4 Kxh4 55. Kc2 Kg5 56. Kd3 Nb6 57. Ke3 h5 58. Kd4 h4 59. Kc5 Nc8 60. Kc6 h3 61.
Kc7 Ne7 62. Kd7 h2 63. Kxe7 h1=Q 64. Kd6 Qb7 65. Kc5 Kf5 66. b5 Ke5 67. b6 Ke6 0-1

[Event "*** Titled Tuesday Blitz"]
[Site "Chess.com"]
[Date "2020.05.26"]
[Round "3"]
[White "WeAintSurePal"]
[Black "turayev_shahruh17"]
[Result "1-0"]
[WhiteElo "2327"]
[BlackElo "2500"]
[TimeControl "180+1"]
[EndTime "10:29:02 PDT"]
[Termination "WeAintSurePal won on time"]

1. d4 c5 2. dxc5 e6 3. Nc3 Nf6 4. e4 Bxc5 5. Bd3 Qb6 6. Qe2 O-O 7. h3 Nc6 8. Nf3 Qc7 9. O-O a6 10. Bg5 Be7 11. e5 Ne8 12. Qe4 g6 13. Rfe1 Ng7 14. Qh4 Qd8 15. Qh6 f6 16. exf6 Bxf6 17. Bxf6 Qxf6 18. Ne4 Qe7 19. Neg5 Nf5 20. Bxf5 Rxf5 21. Rad1 b5 22. Ne4 d5 23. Ng3 Rf8 24. Ne5 Nxe5 25. Rxe5 Qg7 26. Qe3 Ra7 27. Ne2 Raf7 28. f3 Rf5 29.
Rxf5 gxf5 30. Nf4 Kh8 31. Re1 Rg8 32. Qe5 Qxe5 33. Rxe5 Bd7 34. c3 Rc8 35. Kf2 Kg8 36. g4 fxg4 37. hxg4 Kf7 38. Ke3 Rh8 39. Rh5 Kf6 40.
Rh6+ Ke7 41. Ng6+ hxg6 42. Rxh8 a5 43. g5 a4 44. f4 Kf7 45. Kd4 Ke7 46. Ra8 b4 47.
Ra7 b3 48. axb3 axb3 49. Rb7 Kd6 50. Rxb3 Kc6 51. Ra3 Kd6 52. Ra1 Bc6 53. Ra6 1-0

[Event "*** Titled Tuesday Blitz"]
[Site "Chess.com"]
[Date "2020.05.26"]
[Round "3"]
[White "Agent-JL"]
[Black "Orest_Vovk"]
[Result "0-1"]
[WhiteElo "2617"]
[BlackElo "2422"]
[TimeControl "180+1"]
[EndTime "10:29:03 PDT"]
[Termination "Orest_Vovk won on time"]

1. b3 Nf6 2. Bb2 g6 3. Nf3 Bg7 4. e3 Nh5 5. d4 c5 6. c4 O-O 7. Nc3 d6 8. d5 Bg4 9. Be2 Qa5 10. Qd2 Nf6 11. h3 Bf5 12. O-O Qd8 13. Nh4 Bc8 14. e4 e5 15. dxe6 Bxe6 16. Nf3 Nc6 17. Rad1 Qe7 18. Rfe1 Rad8 19. Bf1 Ne5 20. Nxe5 dxe5 21.
Nd5 Nxd5 22. exd5 Bd7 23. f4 e4 24. Bxg7 Kxg7 25. Qc3+ f6 26. Bd3 e3 27. Bc2 Rde8 28. Rd3 Qd6 29. Rexe3 Qxf4 30. Rf3 Qe5 31. Rfe3 Qxc3 32.
Rxc3 Rxe3 33. Rxe3 Re8 34. Rxe8 Bxe8 35. Kf2 Kf7 36.
Ke3 Ke7 37. Kf4 Kd6 38. g4 g5+ 39. Ke3 h5 40. Bf5 Ke5 41. Bc8 b5 42. Be6 bxc4 43.
bxc4 h4 44. a3 Ba4 45. Bf5 Bb3 46. Bd3 a5 47. Kd2 Kf4 48. Kc3 Ba4 49. Bf5 Kg3 50. Kd3 Kxh3 51. Ke3 Kg3 52. d6 h3 53. d7 Bxd7 54.
Bxd7 h2 55. Bc6 Kxg4 56. Kf2 f5 57. Kg2 h1=Q+ 58. Kxh1 Kg3 59. Kg1 f4 60. Kf1 f3 61.
Be4 g4 62. Kg1 Kf4 63. Bd5 g3 64. Kf1 Ke3 65. Kg1 Ke2 0-1

[Event "*** Titled Tuesday Blitz"]
[Site "Chess.com"]
[Date "2020.05.26"]
[Round "3"]
[White "Susal_De_Silva"]
[Black "Mikhal867"]
[Result "1/2-1/2"]
[WhiteElo "2385"]
[BlackElo "2160"]
[TimeControl "180+1"]
[EndTime "10:29:03 PDT"]
[Termination "Game drawn by repetition"]

1. e4 g6 2. d4 Bg7 3. Nc3 d6 4. Be3 a6 5. h4 h5 6. Qd2 Nf6 7. f3 b5 8. Nce2 Nc6 9. Nh3 Bxh3 10. Rxh3 Nd7 11. O-O-O Nb6 12. Nf4 e5 13. Nd5 Nxd5 14. exd5 Nxd4 15. Bxd4 exd4 16. Re1+ Kf8 17. Bd3 Qf6 18. Qa5 Bh6+ 19. Kb1 Qd8 20. g4 Bf4 21. Re4 Be3 22. g5 Kg7 23. f4 Re8 24. f5 Rxe4 25.
Bxe4 c5 26. Qe1 Qe8 27. Bd3 c4 28. Bf1 Qe5 29. Rf3 Re8 30. a4 Qxd5 31. Bg2 Qe5 32. Qf1 Bd2 33. fxg6 Qe1+ 34. Ka2 Qxf1 35. Rxf1 fxg6 36.
Rf6 Bb4 37. Bc6 Re2 38. axb5 axb5 39. Bxb5 Rxc2 40. Kb1 Rh2 41. Bxc4 Rxh4 42. Bd3 Rh1+ 43. Ka2 h4 44. Rxg6+ Kf7 45. Rh6 h3 46. g6+ Kf6 47.
Rh7 h2 48. Kb3 Bc5 49. Rf7+ Ke6 50. Rh7 Kf6 51. Rf7+ Ke6 52. Rh7 Kf6 1/2-1/2

[Event "*** Titled Tuesday Blitz"]
[Site "Chess.com"]
[Date "2020.05.26"]
[Round "3"]
[White "Tejas_Rama"]
[Black "stanyga"]
[Result "0-1"]
[WhiteElo "2392"]
[BlackElo "2595"]
[TimeControl "180+1"]
[EndTime "10:29:04 PDT"]
[Termination "stanyga won by checkmate"]

1. Nf3 Nf6 2. c4 c6 3. b3 d5 4. Bb2 e6 5. e3 Nbd7 6. Nc3 Bd6 7. d4 O-O 8. Bd3 e5 9. dxe5 Nxe5 10. cxd5 Nxf3+ 11. gxf3 Qa5 12. a3 Nxd5 13. b4 Nxc3 14. Bxc3 Qc7 15.
Qc2 g6 16. h4 Be5 17. Qb2 Re8 18. h5 Bxc3+ 19. Qxc3 Qe5 20. Qxe5 Rxe5 21. hxg6 hxg6 22. f4 Re7 23. Kd2 Be6 24. f5 Bd5 25. Rh4 Rd8 26. Kc3 g5 27. f6 Re6 28. Rh6 Rdd6 29. Bh7+ Kf8 30. e4 Rxf6 31. Rxf6 Rxf6 32. exd5 cxd5 33. Ra2 Rf4 34. Bd3 Ke7 35. Re2+ Kd6 36. b5 Kc5 37.
Rc2 Kb6 38. Kb3 Rf3 39. Rd2 f5 40. a4 Kc5 41. Kc3 g4 42. Kc2 f4 43. Bf5 g3 44. Be6 Rxf2 45. Rxf2 gxf2 46. Bh3 Kb4 47. Bf1 Kxa4 48. Kc3 Ka5 49. Kd4 a6 50. bxa6 bxa6 51. Kxd5 Kb4 52. Ke4 a5 53. Kf3 a4 54. Bh3 a3 55.
Kxf2 a2 56. Bf5 a1=Q 57. Kf3 Qe5 58. Bg4 Kc3 59. Bh3 Kd4 60. Bf1 Qe3+ 61. Kg2 f3+ 62. Kg3 Qg1+ 63. Kxf3 Qxf1+ 64. Kg4 Ke4 65. Kg5 Qf5+ 66.
Kh6 Qg4 67. Kh7 Kf5 68. Kh8 Kf6 69. Kh7 Qg7# 0-1

[Event "*** Titled Tuesday Blitz"]
[Site "Chess.com"]
[Date "2020.05.26"]
[Round "3"]
[White "GrafLermontov"]
[Black "semchik73"]
[Result "1-0"]
[WhiteElo "2480"]
[BlackElo "2199"]
[TimeControl "180+1"]
[EndTime "10:29:04 PDT"]
[Termination "GrafLermontov won by checkmate"]

1. d4 d5 2. c4 c6 3. Nf3 Nf6 4. e3 g6 5. Nc3 Bg7 6. Be2 O-O 7.
O-O dxc4 8. Bxc4 Bg4 9. h3 Bxf3 10. Qxf3 Nbd7 11. Rd1 e5 12. d5 e4 13. Qe2 Qc7 14. dxc6 bxc6 15. Bd2 Ne5 16. Be1 Rab8 17. Rab1 Rfd8 18.
Rxd8+ Rxd8 19. Rd1 Rxd1 20. Nxd1 Nxc4 21. Qxc4 Qd6 22.
Nc3 Nd7 23. Qxe4 Be5 24. f4 Bxc3 25. Bxc3 Nf6 26. Qd4 Qxd4 27. Bxd4 Nd5 28. Bxa7 Nb4 29. a3 Nd5 30. Bc5 Kg7 31. a4 Kf6 32. a5 Nc7 33. e4 Na6 34. b4 Ke6 35. Kf2 f5 36. Ke3 Nc7 37. Kd4 fxe4 38. Kxe4 Nd5 39. a6 Nc7 40. a7 Kd7 41. Ke5 Kc8 42. Kd6 Kb7 43. g4 Nb5+ 44. Kd7 Nc3 45. f5 gxf5 46. gxf5 Ne4 47. Ke6 Ng5+ 48. Ke7 Nxh3 49. Kf6 Nf4 50. Kg5 Nd5 51. Kh6 Nf6 52. Kg7 Ne8+ 53. Kxh7 Ka8 54. Kg8 Nc7 55. f6 Ne6 56. f7 Kb7 57. f8=Q Nxf8 58. Kxf8 Ka8 59. Ke7 Kb7 60. Kd7 Ka8 61. Bb6 Kb7 62.
Bc5 Ka8 63. Kd6 Kb7 64. Ke5 Ka8 65. Kd4 Kb7 66. Kc4 Ka8 67. Be3 Kb7 68. Kb3 Ka8 69. Ka4 Kb7 70. Ka5 Ka8 71. Ka6 c5 72. b5 c4 73. b6 c3 74. b7# 1-0

[Event "*** Titled Tuesday Blitz"]
[Site "Chess.com"]
[Date "2020.05.26"]
[Round "3"]
[White "ClassyEl"]
[Black "Makswolf200817"]
[Result "1-0"]
[WhiteElo "2605"]
[BlackElo "2402"]
[TimeControl "180+1"]
[EndTime "10:29:06 PDT"]
[Termination "ClassyEl won by resignation"]

1. d4 d5 2. Bf4 Bf5 3. e3 e6 4.
c4 c6 5. Qb3 Bxb1 6. Rxb1 Qa5+ 7. Kd1 Qb6 8. c5 Qxb3+ 9. axb3 a6 10. b4 Nd7 11. Ra1 Rd8 12. Nf3 f6 13. h3 g5 14. Bg3 Bg7 15. Nd2 e5 16. Nb3 Ne7 17. Na5 Rb8 18. Bd3 Kf7 19. Kc2 Ke6 20. f4 gxf4 21.
exf4 e4 22. Be2 f5 23. Bf2 h5 24. g4 Nf6 25. g5 Ne8 26. Be3 Kd7 27. Kc3 Nc7 28. Nb3 Ne6 29. Na5 Nc7 30. Rhg1 Ng6 31. Nb3 Ne6 32. Rgf1 Kc7 33. Na5 Kd7 34. Nxb7 Rxb7 35.
Rxa6 Rhb8 36. b5 Ne7 37. b4 cxb5 38. Rd6+ Ke8 39. Rxe6 Kf7 40. Rd6 h4 41. Bh5+ Kf8 42. Ra1 Rc8 43. Kd2 Kg8 44. Raa6 Rcb8 45. Bf2 Rc8 46.
Ke3 Rbc7 47. Bxh4 Nc6 48. Rdxc6 Rxc6 49. Ra7 R6c7 50. Ra6 Rc6 51. Ra5 Rb8 52. Be2 Kh7 53. Bg3 Rc7 54. h4 Rcb7 55. h5 Bf8 56. Bd1 Bg7 57. Bb3 Rd8 58. Bh4 Kg8 59. g6 Rdd7 60. Bg5 Bf8 61. Ra8 Ra7 62. Rb8 Ra3 63. h6 Rxb3+ 64. Kd2 Rd3+ 65. Ke2 Rxd4 66. Bf6 Rxb4 67. h7+ Rxh7 68. Rxf8+ Kxf8 69. gxh7 Rb2+ 70. Bxb2 1-0

[Event "*** Titled Tuesday Blitz"]
[Site "Chess.com"]
[Date "2020.05.26"]
[Round "3"]
[White "Witik"]
[Black "Onischuk_V"]
[Result "1/2-1/2"]
[WhiteElo "2663"]
[BlackElo "2890"]
[TimeControl "180+1"]
[EndTime "10:29:07 PDT"]
[Termination "Game drawn by repetition"]

1. d4 d6 2. e4 Nf6 3. Nc3 g6 4. f3 Bg7 5. Be3 c6 6. Qd2 h6 7. Nge2 b5 8. a3 Nbd7 9. Nf4 Bb7 10. Qf2 a5 11. Be2 b4 12. Na4 O-O 13. O-O Qc7 14. c3 bxc3 15. Nxc3 Ba6 16. Rac1 Qb7 17. Rfd1 Qxb2 18.
a4 Bxe2 19. Nfxe2 Qb7 20. Qh4 Kh7 21. g4 Rfb8 22. Ng3 Qa6 23. g5 Ng8 24. f4 Rb2 25. e5 e6 26. Nce4 d5 27. Nd6 Rf8 28. Kh1 Qa8 29.
Rd2 Rb3 30. Bf2 c5 31. Rg1 cxd4 32. Bxd4 Qa6 33. f5 Rd3 34. Rxd3 Qxd3 35. f6 Qf3+ 36. Rg2 Bh8 37. gxh6 Qd1+ 38. Rg1 Qf3+ 39. Rg2 Ndxf6 40.
exf6 Nxf6 41. h3 Ne4 42. Ndxe4 dxe4 43. Bxh8 Rxh8 44. Qxe4 Qxe4 45. Nxe4 Kxh6 46. Rb2 Kg7 47. Rb5 Rxh3+ 48. Kg2 Rh4 49. Nd6 Rxa4 50. Rb7 Rf4 51.
Ra7 g5 52. Rxa5 Kg6 53. Kg3 f6 54. Ra7 Rb4 55. Ne8 Rb3+ 56. Kf2 g4 57. Rg7+ Kf5 58.
Rf7 g3+ 59. Kg2 Kg4 60. Nxf6+ Kf4 61. Nh5+ Kg4 62. Nf6+ Kf4 63. Nh5+ Kg4 64. Nf6+ 1/2-1/2

[Event "*** Titled Tuesday Blitz"]
[Site "Chess.com"]
[Date "2020.05.26"]
[Round "3"]
[White "GMNickPert"]
[Black "Koksik_13"]
[Result "0-1"]
[WhiteElo "2722"]
[BlackElo "2547"]
[TimeControl "180+1"]
[EndTime "10:29:10 PDT"]
[Termination "Koksik_13 won on time"]

1. d4 e6 2. c4 d5 3. Nf3 a6 4.
cxd5 exd5 5. Nc3 Nf6 6. Bf4 c6 7. e3 Bd6 8. Ne5 O-O 9. Bd3 Qe7 10. O-O Nbd7 11. Nxd7 Bxd7 12. Bxd6 Qxd6 13. Rb1 Ng4 14. g3 Qh6 15. h4 g5 16. Be2 f5 17. Bxg4 fxg4 18.
hxg5 Qxg5 19. Ne2 Bf5 20. Nf4 Be4 21. f3 gxf3 22. Kf2 Bxb1 23. Qxb1 Rae8 24. Rh1 Qf5 25. Qxf5 Rxf5 26. Kxf3 Rf7 27. Rh4 Rfe7 28. Ng2 Re4 29. Rh5 Kg7 30. b4 Kg6 31. g4 h6 32. Nh4+ Kh7 33. Nf5 R4e6 34. a4 a5 35. bxa5 Ra8 36. Rh1 Rxa5 37. g5 Rxa4 38. gxh6 Rf6 39. Kf4 Ra8 40.
Ke5 Rg6 41. Rb1 Re8+ 42. Kf4 b5 43. Ra1 Re4+ 44. Kf3 Rf6 45. Ra7+ Kg6 46. Rg7+ Kxf5 47. h7 Rh4 48. Re7 Rfh6 49. Rc7 Rh3+ 50. Ke2 Rxh7 51.
Rxc6 b4 52. Rb6 b3 53. Rxb3 Ke4 54. Rb8 Rh2+ 55. Kd1 Kd3 0-1

[Event "*** Titled Tuesday Blitz"]
[Site "Chess.com"]
[Date "2020.05.26"]
[Round "3"]
[White "Roenko_Artur"]
[Black "Machidon"]
[Result "0-1"]
[WhiteElo "2298"]
[BlackElo "2511"]
[TimeControl "180+1"]
[EndTime "10:29:11 PDT"]
[Termination "Machidon won on time"]

1. e4 c6 2. d4 d5 3. exd5 cxd5 4. Bd3 Nc6 5. c3 Nf6 6. Bf4 Bg4 7.
Qb3 Qd7 8. Nd2 e6 9. Ngf3 Bd6 10. Ne5 Qc7 11. O-O O-O 12. Nxg4 Bxf4 13. Nxf6+ gxf6 14. Nf3 Kh8 15. Qc2 f5 16. Qe2 Rg8 17. Kh1 Rg7 18. Bb5 Ne7 19. Ne5 Bxe5 20. Qxe5 Qxe5 21. dxe5 a6 22. Be2 Rc8 23. f4 Rgg8 24. Rfd1 Rc7 25. g3 Kg7 26. Kg2 Rgc8 27. Kf2 Nc6 28. Ke3 Kf8 29. h3 d4+ 30. cxd4 Nb4 31. Bd3 Nc2+ 32. Bxc2 Rxc2 33. Rd2 Rc1 34. Rxc1 Rxc1 35.
g4 Rh1 36. gxf5 exf5 37. d5 Rxh3+ 38. Kd4 Rf3 39. d6 Rxf4+ 40. Kc5 Ke8 41. Kb6 Rb4+ 42. Kc7 Rc4+ 43. Kxb7 a5 44. a3 a4 45. Rd5 Kd7 46. Kb6 h5 47. Rd2 h4 48. Rf2 Ke6 49. Rd2 Kd7 50. Rf2 f4 51. Rf3 Re4 52. Rh3 Rxe5 53.
Rxh4 Rf5 54. Rh3 f3 55. Rh1 f2 56. Rf1 Kxd6 57. Ka6 Kc5 58. Ka5 Rf4 59. Rc1+ Kd4 60.
Rf1 Kd3 61. b4 axb3 62. Kb5 b2 63. a4 Ke2 64. Rb1 f1=Q 0-1

[Event "*** Titled Tuesday Blitz"]
[Site "Chess.com"]
[Date "2020.05.26"]
[Round "3"]
[White "iwanyu"]
[Black "vinniethepooh"]
[Result "1-0"]
[WhiteElo "2783"]
[BlackElo "2565"]
[TimeControl "180+1"]
[EndTime "10:29:12 PDT"]
[Termination "iwanyu won by resignation"]

1. d4 Nf6 2. c4 e6 3. Nf3 d5 4.
cxd5 exd5 5. Nc3 c6 6. Bg5 Be7 7. e3 Bf5 8. Bd3 Bxd3 9. Qxd3 Nbd7 10. O-O O-O 11. Nd2 Re8 12. Qc2 Ne4 13. Bxe7 Qxe7 14. Ndxe4 dxe4 15. b4 a6 16. Na4 Qg5 17. Nc5 Nxc5 18.
bxc5 Rad8 19. Rab1 Rd7 20. Qe2 Re6 21. Rb3 Rg6 22. g3 h6 23. Rfb1 Qe7 24. Qb2 Qe6 25. a3 Rf6 26. Rxb7 Rxb7 27. Qxb7 Qa2 28. Qb2 Qd5 29.
Qe2 a5 30. Qd2 Qf5 31. Rb2 Qg4 32. Qe2 Qh3 33. Qf1 Qg4 34. Rb8+ Kh7 35. Re8 Rg6 36. h3 Qf5 37. Qg2 Re6 38. Rd8 Rf6 39. Re8 Re6 40.
Rd8 Rf6 41. Ra8 Qd5 42. Rxa5 Qc4 43. Qxe4+ g6 44. Qg2 Qc1+ 45. Qf1 Qc3 46. Ra8 Rf3 47. Re8 Kg7 48. a4 Qa3 49. Re4 Qxa4 50. Rf4 Rxf4 51.
gxf4 Qc2 52. Qg2 Qc1+ 53. Kh2 Qd2 54. Kg3 h5 55. Qxc6 h4+ 56. Kg2 Qe1 57. Qf3 Qc1 58. c6 Kf6 59. d5 Ke7 60. e4 Kd6 61. e5+ Kc7 62. d6+ Kd8 63. c7+ Kd7 64. Qg4+ f5 65. exf6+ Kxd6 66. c8=Q Qxc8 67. Qxc8 g5 1-0

[Event "*** Titled Tuesday Blitz"]
[Site "Chess.com"]
[Date "2020.05.26"]
[Round "3"]
[White "Grebeniuk-S"]
[Black "Evgeny81"]
[Result "0-1"]
[WhiteElo "2498"]
[BlackElo "2730"]
[TimeControl "180+1"]
[EndTime "10:29:13 PDT"]
[Termination "Evgeny81 won by resignation"]

1. d4 Nf6 2. Nf3 e6 3. Bf4 d5 4. Nbd2 c5 5. e3 Nc6 6. c3 Bd6 7. Bg3 O-O 8. Bb5 Ne7 9. Bd3 Ng6 10. Qe2 Qc7 11. e4 dxe4 12. Nxe4 Nxe4 13. Bxe4 Bd7 14.
O-O Rab8 15. Rad1 Bxg3 16. hxg3 cxd4 17. Rxd4 Bc6 18. Rfd1 Rfd8 19. Bxc6 bxc6 20. b3 h6 21. Qa6 Rd5 22. b4 Rbd8 23. Qc4 Qb6 24. a3 Ne7 25. Rxd5 cxd5 26. Qd4 Rc8 27. Ne5 Qxd4 28. cxd4 Nf5 29. b5 Rc3 30. a4 Ra3 31. Nc6 Rxa4 32. g4 Nd6 33. Rb1 g5 34. b6 axb6 35. Rxb6 Ne4 36. Ne5 Ra1+ 37. Kh2 Nxf2 38. Rb8+ Kg7 39. Rb7 Rh1+ 40.
Kg3 Ne4+ 41. Kf3 Rf1+ 42. Ke3 Nd6 43. Rc7 Rf4 44. g3 Re4+ 45. Kd3 Rxd4+ 46. Kxd4 Nb5+ 47. Ke3 Nxc7 48. Nd7 Ne8 49. Kd4 Nf6 50. Nc5 Nxg4 51. Nd3 Kf6 52. Nc5 h5 53. Kd3 Ne5+ 54. Ke2 Ke7 55.
Kf2 Nd7 56. Nd3 Kd6 57. Kf3 Nc5 58. Nf2 e5 59. Ke2 f5 60. Nh3 Ne6 61. Ke3 d4+ 62. Kd3 Kd5 63. Ke2 e4 64. Kd2 Kc4 65. Kc2 f4 66.
Kd2 fxg3 67. Ng1 d3 68. Nh3 g4 69. Nf4 Nxf4 70. Ke3 Ne6 0-1

[Event "*** Titled Tuesday Blitz"]
[Site "Chess.com"]
[Date "2020.05.26"]
[Round "3"]
[White "MMKZH22"]
[Black "levallem"]
[Result "0-1"]
[WhiteElo "2303"]
[BlackElo "2156"]
[TimeControl "180+1"]
[EndTime "10:29:14 PDT"]
[Termination "levallem won by resignation"]

1. Nf3 d5 2. d4 Nf6 3. c4 c6 4. Nc3 g6 5. cxd5 cxd5 6. Bf4 Bg7 7. e3 Nc6 8. Bd3 Nh5 9. Bg5 h6 10. Bh4 O-O 11. O-O Be6 12. Rc1 Rc8 13. Na4 Bg4 14.
h3 Bxf3 15. Qxf3 Qd6 16. g4 Nf6 17. Nc3 Rfd8 18. Bg3 Qb4 19. Rc2 e6 20. h4 a6 21.
h5 g5 22. Qe2 Qe7 23. f4 gxf4 24. Bxf4 Nd7 25. Qg2 Nb4 26. Rd2 Nxd3 27. Rxd3 f6 28.
Rd2 Nf8 29. Rdf2 Nh7 30. Bg3 Rc6 31. Bh4 Rf8 32. e4 dxe4 33. Nxe4 Ng5 34. Bxg5 fxg5 35. Rd2 Rxf1+ 36. Qxf1 Rc8 37. Qe2 Rd8 38. Qe3 Rd5 39. Nc5 a5 40. Qxe6+ Qxe6 41. Nxe6 Bf6 42. Rf2 Bxd4 43. Nxd4 Rxd4 44. Rg2 Kf7 45. Kf1 Ke6 46.
Ke2 Ke5 47. Ke3 Re4+ 48. Kd3 Rb4 49. b3 Kf4 50. Kc3 Re4 51. Kd3 Re3+ 52. Kc4 Rg3 53. Rf2+ Kxg4 54. Kb5 Kxh5 55. Kxa5 Re3 56. Kb6 Re7 57.
a4 Kg6 58. b4 g4 59. a5 h5 60. b5 Kg5 61. a6 bxa6 62. bxa6 g3 63. Rf8 h4 64.
Rg8+ Kf4 65. a7 Rxa7 66. Kxa7 h3 67. Kb6 h2 68. Rh8 g2 69. Rf8+ Ke3 70. Re8+ Kd2 71.
Rd8+ Kc3 72. Rc8+ Kb3 0-1

[Event "*** Titled Tuesday Blitz"]
[Site "Chess.com"]
[Date "2020.05.26"]
[Round "3"]
[White "politeplayer"]
[Black "Omk124"]
[Result "0-1"]
[WhiteElo "2180"]
[BlackElo "2403"]
[TimeControl "180+1"]
[EndTime "10:29:15 PDT"]
[Termination "Omk124 won by resignation"]

1. e4 c5 2. d4 cxd4 3. c3 d3 4. Bxd3 Nc6 5. Nf3 g6 6. c4 Bg7 7. O-O d6 8. h3 Nf6 9. Nc3 O-O 10. Be3 Nd7 11. Rc1 Nde5 12. Nxe5 Nxe5 13. f4 Nc6 14. Bb1 f5 15. exf5 Bxf5 16. Bxf5 Rxf5 17.
g4 Rf7 18. Qd5 Qd7 19. Ne4 Rf8 20. Nc5 Qc8 21. Ne6 Re8 22. Ng5 e6 23. Qxd6 Rd7 24.
Qa3 Red8 25. Rce1 Rd3 26. b3 h6 27. Nf3 Qd7 28. Qc1 Rc3 29. Qb1 Qd3 30. Qxd3 Rdxd3 31. Kf2 Nd4 32. Nxd4 Bxd4 33. Bxd4 Rxd4 34. Rxe6 Rxh3 35. f5 gxf5 36. gxf5 Rd2+ 37. Kg1 Rg3+ 38. Kh1 Rh3+ 39. Kg1 Kf7 40. Rg6 Rxa2 41. Rg2 Rxg2+ 42. Kxg2 Rxb3 43. Rd1 Kf6 44. Rd6+ Kxf5 45. Rxh6 Ke5 46. c5 Kd5 47. c6 bxc6 48. Kf2 Kc5 49. Ke2 Kb5 50. Kd2 a5 51. Kc2 Rb4 52. Rh5+ c5 53. Rh8 Rg4 54. Rb8+ Kc4 55. Ra8 Rg2+ 56. Kb1 Kb3 57. Rb8+ Ka3 58. Rb5 c4 59. Rxa5+ Kb3 60. Rb5+ Kc3 61. Rb8 Rg1+ 62. Ka2 Kc2 63. Rf8 c3 64. Rf2+ Kd3 65. Rf3+ Kd2 66.
Rf2+ Ke3 67. Rc2 Kd3 68. Kb3 Rb1+ 0-1

[Event "*** Titled Tuesday Blitz"]
[Site "Chess.com"]
[Date "2020.05.26"]
[Round "3"]
[White "Kavyev_Ruslan"]
[Black "AminMolaei"]
[Result "0-1"]
[WhiteElo "2500"]
[BlackElo "2731"]
[TimeControl "180+1"]
[EndTime "10:29:17 PDT"]
[Termination "AminMolaei won by checkmate"]

1. d4 Nf6 2. c4 g6 3. Nc3 d5 4. Bf4 Bg7 5. e3 c5 6. dxc5 Qa5 7. Rc1 dxc4 8. Bxc4 O-O 9. Ne2 Qxc5 10.
Qb3 Nc6 11. Nb5 Qb4+ 12. Qxb4 Nxb4 13. Nc7 Rb8 14. Nd5 Nfxd5 15. Bxb8 Bxb2 16. Rb1 Ba3 17.
Rb3 Nb6 18. Rxa3 Nc2+ 19. Kd2 Nxa3 20. Bd3 Bf5 21. Bxa7 Nbc4+ 22. Kc3 Bxd3 23. Kxd3 Rd8+ 24. Kc3 Rd2 25. Re1 Rc2+ 26. Kb3 Rb2+ 27. Kc3 Rxa2 28.
Bc5 Rc2+ 29. Kb3 Nd2+ 30. Kxa3 Rxc5 31. Rd1 Ne4 32. f3 Nd6 33. e4 b5 34. Nd4 Rc4 35. Kb3 Rc8 36. Ra1 Kg7 37. Ra7 Kf6 38. g4 g5 39. h4 h6 40. h5 Rc1 41. Ne2 Rf1 42. e5+ Kxe5 43. Rxe7+ Kf6 44. Re3 Nc4 45. Rd3 Ne5 46.
Re3 Rxf3 47. Rxf3+ Nxf3 48. Kb4 Ne5 49. Kxb5 Nxg4 50. Kc5 Kf5 51. Kd5 Nf6+ 52. Kd4 Nxh5 53.
Ke3 Nf6 54. Kf3 Kg6 55. Kg3 h5 56. Nd4 h4+ 57. Kh3 Kh5 58. Ne2 g4+ 59. Kh2 Nd5 60. Nd4 Kg5 61. Ne2 f5 62. Nd4 g3+ 63. Kg2 Nf4+ 64. Kf3 Ng6 65. Ne6+ Kf6 66. Nd4 Ne5+ 67. Kf4 Ng6+ 68. Kf3 Ke5 69. Ne2 f4 70. Ng1 Kf5 71.
Ne2 Ne5+ 72. Kg2 f3+ 73. Kh3 fxe2 74. Kg2 e1=Q 75. Kh3 Qh1# 0-1